 Dungeon Crawl Stone Soup version 0.28.0-43-g3370ac3207 (webtiles) character file.

Game seed: 5661835422988509503

75 RascalDebosk the Skirmisher (level 4, -5/41 HPs)
             Began as a Minotaur Fighter on Mar 7, 2022.
             Slain by Sigmund
             ... wielding a +0 scythe
              (11 damage)
             ... on level 2 of the Dungeon.
             The game lasted 00:09:03 (980 turns).

RascalDebosk the Skirmisher (Minotaur Fighter)       Turns: 980, Time: 00:09:03

Health: -5/41      AC:  7    Str: 22    XL:     4   Next: 11%
Magic:  3/3        EV:  9    Int:  5    God:
Gold:   6          SH:  4    Dex: 10    Spells: 3/3 levels left

rFire   . . .      SeeInvis .   a - +0 trident
rCold   . . .      Faith    .   c - +0 buckler
rNeg    . . .      Spirit   .   b - +0 scale mail
rPois   .          Reflect  .   (helmet restricted)
rElec   .          Harm     .   (no cloak)
rCorr   .          Rampage  .   (no gloves)
Will    .....                   (no boots)
Stlth   ..........              f - amulet of regeneration
HPRegen 0.93/turn               (no ring)
MPRegen 0.08/turn               (no ring)

@: no status effects
A: horns 2, retaliatory headbutt
a: no special abilities


You were on level 2 of the Dungeon.
You visited 1 branch of the dungeon, and saw 2 of its levels.

You collected 42 gold pieces.
You spent 36 gold pieces at shops.

Inventory:

Hand Weapons
 a - a +0 trident (weapon)
Armour
 b - a +0 scale mail (worn)
 c - a +0 buckler (worn)
Jewellery
 f - an amulet of regeneration (around neck)
Scrolls
 e - 6 scrolls of identify {unknown}
 g - a scroll of blinking {unknown}
Potions
 d - a potion of might
 h - a potion of curing


   Skills:
 + Level 4.4 Fighting
 + Level 3.3 Polearms
 + Level 4.3 Armour
 + Level 4.3 Shields


You had 3 spell levels left.
You didn't know any spells.
Your spell library was empty.

Dungeon Overview and Level Annotations

Branches:
Dungeon (2/15)

Altars:

Shops:
D:2 ?!

Annotations:
D:2 Sigmund


Innate Abilities, Weirdness & Mutations

You have a pair of horns on your head.
You reflexively headbutt those who attack you in melee.


Message History

You kill the bat!
Reach: a) +0 trident
Press: ? - help, Dir - move target, f - rat
Aim: a rat (about 43% to evade your +0 trident)
You reach to attack!
You closely miss the rat. Something hits you.
You closely miss the rat. Your headbutt misses the rat. The rat bites you.
Something hits you. The rat closely misses you. You furiously retaliate!
You headbutt the rat!
You kill the rat!
Something hits you but does no damage.
You see here 3 scrolls labelled REOSOIRETA.
e - 6 scrolls labelled REOSOIRETA (gained 3)
You hear some strange, mumbled words.
You are confused.
You hear some strange, mumbled words.
A puff of flame appears from out of thin air!
The puff of flame hits you! Something hits you.
You're too confused to move!
Something hits you.
You're too confused to aim your attacks!
You feel less confused. Something hits you but does no damage.
You hear some strange, mumbled words.
Something tries to affect you, but you resist.
You miss something. Something hits you but does no damage.
You puncture something! You closely miss something.
Your headbutt misses something.
You hear some strange, mumbled words.
Something tries to affect you, but you resist.
You barely miss something. Your headbutt misses something. Something hits you!
You puncture something! Something hits you.
You hit something but do no damage. Your headbutt misses something.
You hear some strange, mumbled words.
A puff of flame appears from out of thin air!
The puff of flame hits you.
* * * LOW HITPOINT WARNING * * *
You miss something. You headbutt something. Something hits you!
* * * LOW HITPOINT WARNING * * *
You miss something. Your headbutt misses something. Something hits you!
You die...

......#.# #.#######..#
....###.## #.........##
#......... ###.###.###
##.####.## #..# #.#
##.# #..# #.# ##.#### #
#..# #.# ......# ##.
#..# #.# ##.##.#
#...##†.###.#
..>.........:..{@...###
......................#
.....#...(...#.......##
..#... ..#......#.....#
#.....# ....#.....#...#
....#.. .#....#....#..#
.#... #...#...#...##
#..# .#..#... #.# #.#.#
#.##


There were no monsters in sight!

Vanquished Creatures
  Robin (D:2)
  An adder (D:2)
  3 ball pythons
  4 endoplasms (D:1)
  2 giant cockroaches
  11 goblins
  8 hobgoblins
  2 jackals (D:1)
  A quokka (D:2)
  4 bats
  3 frilled lizards
  5 kobolds
  6 rats
51 creatures vanquished.

Vanquished Creatures (others)
  A plant (D:1)
1 creature vanquished.

Grand Total: 52 creatures vanquished

Notes
Turn   | Place    | Note
-------+----------+-------------------------------------------
     0 | D:1      | RascalDebosk the Minotaur Fighter began the quest for the
                  | Orb.
     0 | D:1      | Reached XP level 1. HP: 19/19 MP: 0/0
   204 | D:1      | Reached XP level 2. HP: 26/27 MP: 1/1
   695 | D:2      | Found a faded altar of an unknown god.
   710 | D:2      | Reached XP level 3. HP: 33/33 MP: 2/2
   739 | D:2      | Found Veimoukk's Magic Scroll Emporium.
   739 | D:2      | Noticed Robin
   784 | D:2      | Killed Robin
   907 | D:2      | Found Peisa's Distillery.
   917 | D:2      | Reached XP level 4. HP: 38/41 MP: 3/3
   920 | D:2      | Bought a potion of curing for 36 gold pieces
   956 | D:2      | Noticed Sigmund
   980 | D:2      | Slain by Sigmund

Illustrated notes

Levels and vault maps discovered:
D:1:      onia_arrival_pyramid, layout_rooms, serial_bayou_ford_a,
          amcnicky_mini_corridor_feature
D:2:      minmay_evil_eye, layout_loops_ring, nicolae_ecumenical_pavilion,
          serial_shops, shop, nicolae_shop_statue_plus, shop,
          nicolae_shop_stone, nicolae_shop_crystal, basic_altar,
          minmay_increasing_density, uniq_robin, uniq_crazy_yiuf_cottage,
          uniq_sigmund

Skill      XL: |  1  2 |
---------------+-------+-----
Fighting       | 4 |  4.4
Shields        | 4 |  4.3
Armour         | 4 |  4.3
Polearms       | 3 |  3.3

Action                   |  1- 3 |  4- 6 || total
-------------------------+-------+-------++-------
Melee: Trident           |   105 |    17 ||   122
       Headbutt          |    12 |     2 ||    14
Armor: Scale mail        |    56 |     7 ||    63
Dodge: Dodged            |    50 |     5 ||    55
Block: Buckler           |    23 |     3 ||    26
